 Dungeon Crawl Stone Soup version 0.18.1-8-gdd0e5ea (webtiles) character file.

32 M4edhros the Charlatan (level 3, 0/27 HPs)
             Began as a Mummy Artificer on June 3, 2016.
             Slain by Terence
             ... wielding a +2 hand axe of electrocution
              (19 damage)
             ... on level 3 of the Dungeon.
             The game lasted 00:03:47 (411 turns).

M4edhros the Charlatan (Mummy Artificer)             Turns: 411, Time: 00:03:47

Health: 0/27       AC:  3    Str: 14    XL:     3   Next: 10%
Magic:  5/5        EV: 11    Int: 11    God:
Gold:   88         SH:  0    Dex: 13    Spells: 1 memorised, 1 level left

rFire  x . .     SeeInvis .     a - +0 short sword
rCold  + . .     Gourm    .     b - +0 leather armour
rNeg   + + +     Faith    .     (no shield)
rPois  ∞         Spirit   .     (no helmet)
rElec  .         Dismiss  .     (no cloak)
rCorr  .         Reflect  .     (no gloves)
SustAt .         Harm     .     (no boots)
MR     .....                    f - amulet of regeneration
Stlth  +.........               (no ring)
                                (no ring)

@: not resistant to hostile enchantments, very unstealthy
A: no food or potions, fire vulnerability, cold resistance 1, negative energy
resistance 3, torment resistance, unbreathing
a: no special abilities


You were on level 3 of the Dungeon.
You were not hungry.

You visited 1 branch of the dungeon, and saw 3 of its levels.

You collected 88 gold pieces.

Inventory:

Hand Weapons
 a - a +0 short sword (weapon)
Missiles
 j - 5 curare-tipped needles
Armour
 b - a +0 leather armour (worn)
Jewellery
 f - an amulet of regeneration (around neck)
Wands
 c - a wand of flame (15/48)
 d - a wand of enslavement (14/24)
 e - a wand of random effects (12/48)
Scrolls
 g - 3 scrolls of enchant armour {unknown}
 h - a scroll of enchant weapon {unknown}
 i - a scroll of identify {unknown}
 l - a scroll of amnesia {unknown}
 m - a scroll of noise {unknown}
Books
 k - a book of Air

   Spells                             Type                      Level
   a - Shock                          Conjuration/Air              1
   b - Swiftness                      Charms/Air                   2
   c - Repel Missiles                 Charms/Air                   2
   d - Static Discharge               Conjuration/Air              3
   e - Lightning Bolt                 Conjuration/Air              5


   Skills:
 - Level 2.1 Fighting
 - Level 0.7 Short Blades
 - Level 1.5 Dodging
 - Level 0.7 Stealth
 * Level 0.1 Air Magic
 - Level 3.0 Evocations


You had one spell level left.
You knew the following spells:

 Your Spells              Type           Power        Failure   Level  Hunger
a - Shock                 Conj/Air       #...         45%         1    N/A

Dungeon Overview and Level Annotations

Branches:
Dungeon (3/15)

Altars:

Annotations:
D:3 Terence


Innate Abilities, Weirdness & Mutations

You do not eat or drink.
Your flesh is vulnerable to fire.
You are immune to poison.
Your flesh is cold resistant.
You are immune to negative energy.
You are immune to unholy pain and torment.
You can survive without breathing.


Message History

Terence is heavily wounded.
This wand has 13 charges left.
Evoke which item? (* to show all) (? for menu, Esc to quit)
Zapping:
e - a wand of random effects (13/48)
Press: ? - help, Shift-Dir - straight line, f/p - Terence
Aim: Terence, wielding a hand axe of electrocution and wearing a scale mail (heavily wounded) Terence appears confused.
This wand has 12 charges left.
Terence ponders the situation.
You hit Terence but do no damage.
Terence is heavily wounded.
Terence hits you with a hand axe of electrocution.
You see here a stone.
You hit Terence.
Terence is almost dead.
You hit Terence but do no damage.
Terence is almost dead.
Terence hits you with a hand axe of electrocution.
You are electrocuted!
Ouch! That really hurt!
You die...

.. ######### .# ........#
.# ### .......(# .. ..#.#
#######(###.# #.#.#
#..##.# #.#.#
##########..##.####%#.##!#
#.).....@@................
#.########..##.#.....#####
#.# #..##.#.......... #.#
#...#.#....%####. +.#
#..............#. ###
###.#.#.....##>#(
#...#.###....<.
##!.#.###..#.#.
#..#.(....#.#.


You could see Terence (confused).

Vanquished Creatures
  An adder (D:3)
  A worm (D:2)
  A dart slug (D:1)
  A giant gecko (D:2)
  3 giant cockroaches
  3 goblins
  3 kobolds
  A bat (D:1)
  A giant newt (D:1)
  2 rats
17 creatures vanquished.

Notes
Turn   | Place    | Note
--------------------------------------------------------------
     0 | D:1      | M4edhros the Mummy Artificer began the quest for the Orb.
     0 | D:1      | Reached XP level 1. HP: 15/15 MP: 2/2
   145 | D:2      | Reached XP level 2. HP: 20/21 MP: 4/4
   155 | D:2      | Reached skill level 3 in Evocations
   285 | D:3      | Reached XP level 3. HP: 11/27 MP: 5/5
   305 | D:3      | Learned a level 1 spell: Shock
   341 | D:3      | Noticed Terence
   411 | D:3      | Slain by Terence

Skill      XL: |  1  2 |
---------------+-------+-----
Evocations     | 3 |  3.0
Fighting       | 2 |  2.1
Short Blades   | |  0.7
Dodging        | |  1.5
Stealth        | |  0.7
Air Magic      | |  0.1

Action                   || total
-------------------------++-------
Melee: Short sword       ||    90
 Cast: Shock             ||     2
Evoke: Wand              ||     4
Armor: Leather armour    ||    20
Dodge: Dodged            ||    57
